 Dungeon Crawl Stone Soup version 0.32-a0-30-gefbe487952 (webtiles) character file.

Game seed: 1336172735063859439

68 Malachi the Digger (level 3, 0/26 HPs)
             Began as a Demigod Earth Elementalist on Jan 19, 2024.
             Shot with a sling bullet by a goblin (3 damage)
             ... led by Robin
             ... on level 2 of the Dungeon.
             The game lasted 00:02:05 (1766 turns).

Malachi the Digger (Demigod Earth Elementalist)     Turns: 1766, Time: 00:02:06

Health: 0/26       AC:  2    Str:  9    XL:     3   Next: 73%
Magic:  1/9        EV: 12    Int: 21    God:
Gold:   59         SH:  0    Dex: 14    Spells: 6/7 levels left

rFire   . . .        (no weapon)
rCold   . . .        (no shield)
rNeg    . . .        a - +0 robe
rPois   .            (no helmet)
rElec   .            (no cloak)
rCorr   .            (no gloves)
SInv    .            (no boots)
Will    .....        (no amulet)
Stlth   ++           (no ring)
HPRegen 0.24/turn    (no ring)
MPRegen 0.11/turn

%: no passive effects
@: no status effects
A: high MP 1, forlorn, divine attributes
a: no special abilities


You were on level 2 of the Dungeon.
You visited 1 branch of the dungeon, and saw 2 of its levels.

You collected 59 gold pieces.

Inventory:

Missiles
 e - 6 boomerangs
Armour
 a - a +0 robe (worn)
Jewellery
 i - a ring of poison resistance
Scrolls
 c - a scroll of identify {unknown}
 g - a scroll of enchant armour {unknown}
 h - a scroll of teleportation {unknown}
 j - a scroll of enchant weapon {unknown}
Potions
 b - a potion of magic
 d - 2 potions of curing {unknown}
 f - 2 potions of mutation {unknown}


   Skills:
 - Level 1.7 Dodging
 - Level 1.7 Stealth
 + Level 2.6 Spellcasting
 + Level 2.0 Conjurations
 + Level 3.3 Earth Magic


You had 6 spell levels left.
You knew the following spells:

 Your Spells              Type           Power      Damage    Failure   Level
a - Sandblast             Erth           32%        2d9       3%          1

Your spell library contained the following spells:

 Spells                   Type           Power      Damage    Failure   Level
 Passwall                 Erth           16%        N/A       11%         3
 Stone Arrow              Conj/Erth      28%        3d8       14%         3
 Brom's Barrelling Bould  Conj/Erth      14%        2d4       41%         4
 Petrify                  Alch/Erth      9%         N/A       56%         4


Dungeon Overview and Level Annotations

Branches:
Dungeon (2/15)

Shops:
D:2 !

Annotations:
D:2 Robin


Innate Abilities, Weirdness & Mutations

You have an increased reservoir of magic. (+10% MP)
You shall have no god before yourself.
Your divine heritage dramatically boosts your attributes as you level up.


Message History

Press: ? - help, Q - select action, (/) - cycle Shift-Dir - straight line, f - goblin
Aim: a goblin, wielding a +0 dagger (77% to hit)
The blast of sand hits the goblin!
You kill the goblin!
The goblin unwields a +0 dagger.
The goblin wields a +0 sling.
The goblin shoots a sling bullet.
The sling bullet hits you.
The goblin shoots a sling bullet.
The sling bullet hits you.
Robin roars a battlecry!
The goblin goes into a battle-frenzy!
You hear a shout!
Robin throws the goblin at you! The goblin hits you with a +0 club.
Aiming: Sandblast (safe; 3% risk of failure)
Press: ? - help, Q - select action, (/) - cycle Shift-Dir - straight line, f - goblin
Aim: a goblin, wielding a +0 club (strong, 77% to hit)
The blast of sand misses the goblin.
The goblin hits you but does no damage.
Unknown command.
You don't have enough magic to cast this spell.
Unknown command.
Unknown command.
The goblin attacks as it pursues you! The goblin closely misses you.
The goblin attacks as it pursues you! The goblin hits you but does no damage.
The goblin attacks as it pursues you! The goblin hits you but does no damage.
The goblin attacks as it pursues you! The goblin misses you.
The goblin attacks as it pursues you! The goblin closely misses you.
The goblin no longer looks unusually strong.
Robin roars a battlecry!
The goblin goes into a battle-frenzy!
The goblin attacks as it pursues you! The goblin hits you with a +0 club.
Aiming: Sandblast (safe; 3% risk of failure)
Press: ? - help, Q - select action, (/) - cycle Shift-Dir - straight line, f/p - goblin
Aim: a goblin, wielding a +0 club (strong, 77% to hit)
The blast of sand hits the goblin!
You kill the goblin!
The goblin shoots a sling bullet.
The sling bullet hits you.
* * * LOW HITPOINT WARNING * * *
The goblin shoots a sling bullet.
The sling bullet hits you.
* * * LOW HITPOINT WARNING * * *
The goblin shoots a sling bullet.
The sling bullet hits you.
You die...

# #.# #..#(![#..# ### # #
#####.####..#####..# ##.## # #
#............†.....###.#.## #
###.###>####.........##.###.#####
....# #.# #.#########.## ##.....
..#####.####.##### ###.###.###..
...........<.....# ##....#.## ##.
.#.#####.###.###.# #..###.## ##
...# #.# #.# #@###.####.##### #
.#.# #†###.# #.##...........# #
...# #.##..# #)##.#.#.#.#...###
.### #.##.## #.##...........##.
#.##.# #g.).#.#.#.#...#..
#..#.####.##.........#....
####........g##.#.#.#.#.#....
+.............[.........+....
####....##.###..#.#.#.#.#....


You could see Robin and a goblin (strong).

Vanquished Creatures
  An adder (D:2)
  A ribbon worm (D:2)
  A dart slug (D:2)
  6 bats
  7 endoplasms
  3 giant cockroaches
  12 goblins
  3 hobgoblins
  4 kobolds
  2 quokkas
  A ball python (D:1)
  2 frilled lizards
  6 rats
49 creatures vanquished.

Notes
Turn   | Place    | Note
-------+----------+-------------------------------------------
     0 | D:1      | Malachi the Demigod Earth Elementalist began the quest for
                  | the Orb.
     0 | D:1      | Reached XP level 1. HP: 14/14 MP: 5/5
    15 | D:1      | Reached skill level 1 in Conjurations
   247 | D:1      | Reached XP level 2. HP: 18/20 MP: 2/7
   481 | D:1      | Reached skill level 3 in Earth Magic
  1006 | D:2      | Found Jeusm's Distillery.
  1227 | D:2      | Reached XP level 3. HP: 26/26 MP: 7/9
  1725 | D:2      | Noticed Robin
  1766 | D:2      | Shot with a sling bullet by a goblin

Illustrated notes

Levels and vault maps discovered:
D:1:      dpeg_arrival_simpleton_a, layout_loops_cross,
          nicolae_concentric_dashed_squares_mild, minmay_pentomino_t4
D:2:      layout_loops_corners, serial_shops, nicolae_shop_real_fake_doors,
          serial_glass, glass_columns_b, glass_columns_b, glass_columns_a,
          glass_columns_b, glass_columns_c, glass_columns_c, glass_columns_c,
          glass_columns_a, due_unseen_surprise, minmay_strange_pillars,
          item_on_display_a, feat_on_display, uniq_robin

Skill      XL: |  1  2  3 |
---------------+----------+-----
Conjurations   | 1 2 |  2.0
Spellcasting   | 2 |  2.6
Earth Magic    | 3 |  3.3
Dodging        | |  1.7
Stealth        | |  1.7

Action                     || total
---------------------------++-------
  Melee: Unarmed           ||     5
   Cast: Sandblast         ||    74
   Stab: Sleeping          ||     1
 Armour: Robe              ||    36
  Dodge: Dodged            ||    43

Table legend: (Time is in decaauts)
 A = Elapsed time spent in this place.
 B = Non-inter-level travel time spent in this place.
 C = Inter-level travel time spent in this place.
 D = Time resting spent in this place.
 E = Time spent auto-exploring this place.
 F = Levels seen in this place.
 G = Mean time per level.
                   A        B        C        D        E       F      G
               +--------+--------+--------+--------+--------+-----+--------+
         Total |   1802 |   1785 |     17 |     15 |   1471 |   2 |  901.0 |
       Dungeon |   1802 |   1785 |     17 |     15 |   1471 |   2 |  901.0 |
               +--------+--------+--------+--------+--------+-----+--------+

Top non-repeatable levels by time:
     D:1: 921 daAuts
     D:2: 881 daAuts
